Map: Bridgehead LE (Void)

Players

StorMiCkeyCN

  • Race: Zerg Zerg
  • League: Grandmaster, Master

dipwood - Winner!

  • Race: Protoss Protoss
  • League: Diamond, Master

VOD

Have the link to the VOD?

Description

Time

  • Played on: July 26, 2015, 11:13 p.m.
  • Length: 13:47
Show
View Real Time Build Order
Export as new Build Order

StorMiCkeyCN Zerg 

Build Orders: Hatch First 

Get SALT Encoding   

  12  0:02  Drone  
  13  0:19  Drone  
  14  0:22  Extractor  
  14  0:23  Drone, Extractor  
  14  0:24  Drone  
  16  0:31  Overlord  
  16  0:54  Hatchery  
  15  0:57  Drone  
  15  0:58  Drone  
  17  1:14  Extractor  
  17  1:16  Spawning Pool  
  16  1:18  Drone  
  16  1:24  Drone  
  16  1:25  Drone  
  18  1:45  Drone  
  19  1:52  Overlord  
  19  2:03  Zergling x2  
  19  2:06  Queen  
  22  2:09  Drone  
  22  2:13  Spine Crawler  
  22  2:14  Spine Crawler  
  21  2:19  Metabolic Boost  
  21  2:23  Zergling x2  
  22  2:30  Spine Crawler  
  22  2:32  Zergling x2  
  22  2:37  Zergling x2  
  23  2:46  Spine Crawler  
  22  2:54  Queen  
  22  2:57  Zergling x2  
  25  2:59  Zergling x2  
  26  3:08  Drone x2  
  28  3:16  Drone  
  28  3:17  Spore Crawler  
  28  3:34  Spore Crawler  
  27  3:36  Spine Crawler, Zergling x4  
  27  3:37  Zergling x2  
  29  3:50  Queen  
  31  3:59  Drone x2  
  31  4:01  Zergling x4  
  36  4:10  Zergling x2  
  35  4:25  Spine Crawler  
  35  4:27  Spine Crawler  
  33  4:33  Zergling x2  
  33  4:35  Zergling x2  
  24  4:46  Zergling x10  
  28  4:58  Zergling x4  
  29  5:08  Queen  
  29  5:09  Zergling x8  
  29  5:13  Zergling x2  
  33  5:15  Zergling x2  
  30  5:37  Drone x2  
  30  5:38  Zergling x6  
  29  5:50  Zergling x4  
  30  5:58  Spine Crawler, Zergling x2  
  30  6:00  Spine Crawler  
  28  6:05  Zergling x2  
  28  6:07  Queen  
  31  6:17  Zergling x2  
  26  6:34  Zergling x10  
  31  6:45  Zergling x4  
  31  6:46  Queen  
  35  6:54  Zergling x2  
  35  7:00  Zergling x2  
  32  7:08  Drone  
  32  7:26  Drone  
  32  7:27  Drone x3  
  36  7:30  Overlord  
  36  7:35  Spine Crawler  
  35  7:47  Queen  
  36  7:54  Spine Crawler  
  36  7:55  Spine Crawler x2  
  36  7:58  Spine Crawler  
  32  8:05  Drone  
  33  8:21  Zergling x2  
  33  8:22  Zergling x4  
  33  8:23  Zergling x6  
  38  8:41  Drone x3  
  41  8:46  Baneling Nest  
  40  8:50  Zergling x4  
  42  9:05  Spine Crawler  
  42  9:07  Zergling x2  
  42  9:08  Zergling x2  
  37  9:18  Zergling x4  
  37  9:21  Zergling x2  
  37  9:30  Zergling x4  
  39  9:56  Baneling x10  
  39  10:11  Spore Crawler  
  36  10:14  Zergling x8  
  34  10:39  Zergling x12  
  36  10:53  Zergling x4  
  32  11:27  Zergling x2  
  27  11:35  Zergling x2  
  22  11:40  Zergling x2  
  22  11:45  Zergling x2  
  24  12:19  Spawning Pool  
Show
View Real Time Build Order
Export as new Build Order

dipwood Protoss - Winner!

Build Orders:  

Get SALT Encoding   

  12  0:01  Probe  
  13  0:16  Pylon  
  13  0:20  Probe  
  14  0:34  Probe (Chrono Boost)  
  15  0:39  Gateway  
  15  0:44  Probe (Chrono Boost)  
  15  0:46  Assimilator  
  16  0:52  Probe  
  17  1:04  Probe (Chrono Boost)  
  18  1:16  Probe (Chrono Boost)  
  19  1:22  Probe (Chrono Boost)  
  20  1:30  Cybernetics Core  
  20  1:31  Zealot  
  22  1:48  Pylon  
  22  2:00  Forge  
  22  2:06  Probe (Chrono Boost)  
  23  2:10  Adept  
  25  2:18  Mothership Core (Chrono Boost)  
  26  2:32  Gateway  
  26  2:33  Gateway  
  26  2:44  Pylon  
  26  2:49  Robotics Facility  
  26  3:02  Photon Cannon  
  26  3:07  Adept  
  28  3:13  Photon Cannon  
  28  3:24  Adept  
  32  3:27  Adept  
  32  3:47  Immortal (Chrono Boost)  
  36  3:55  Photon Cannon  
  36  4:01  Assimilator  
  36  4:04  Assimilator  
  36  4:12  Photon Cannon  
  34  4:18  Pylon  
  34  4:26  Warp Gate (Chrono Boost)  
  30  4:48  Adept x2  
  30  4:57  Immortal  
  34  5:16  Photon Cannon  
  34  5:18  Adept x2  
  38  5:24  Photon Cannon  
  34  5:56  Pylon  
  28  5:57  Photon Cannon  
  26  6:04  Immortal (Chrono Boost)  
  30  6:15  Zealot x2  
  34  6:26  Zealot  
  32  6:37  Immortal (Chrono Boost)  
  34  6:47  Zealot  
  32  7:07  Zealot  
  32  7:19  Adept  
  34  7:28  Photon Cannon  
  34  7:29  Adept  
  36  7:34  Adept  
  38  7:46  Pylon  
  38  7:47  Probe  
  38  7:48  Pylon  
  37  7:59  Probe  
  37  8:01  Pylon  
  38  8:09  Adept  
  38  8:10  Adept  
  38  8:11  Probe  
  43  8:17  Observer  
  44  8:32  Adept x2  
  48  8:46  Immortal  
  52  8:52  Adept  
  54  9:15  Adept x2  
  50  9:30  Immortal (Chrono Boost)  
  54  10:05  Nexus  
  54  10:22  Sentry x2  
  46  11:11  Adept  
  46  11:14  Photon Cannon  
  48  11:20  Gateway  
  38  11:44  Adept  
  40  12:09  Pylon  
  40  12:10  Adept  
  42  12:17  Probe  
  43  12:23  Adept  
  43  12:27  Photon Cannon  
  43  12:28  Pylon  
  43  12:29  Probe  
  46  12:30  Gateway  
  46  12:59  Adept  
  46  13:00  Adept  
  46  13:25  Adept  
  46  13:26  Adept  
  46  13:33  Probe, Assimilator  
  46  13:39  Assimilator  
  46  13:41  Adept  
Tags
 
Add a new tag
Caveats
  • Supply blocks, unpowered buildings, or Contaminate may cause inaccurate times.
  • Supply counts are checked every 10 seconds.